 Dungeon Crawl Stone Soup version 0.28.0-47-ge53b351184 (webtiles) character file.

Game seed: 929523636834085787

215 Gabide the Skirmisher (level 6, 0/48 HPs)
             Began as a Human Monk on May 9, 2022.
             Slain by an orc wizard
             ... wielding a +0 dagger
              (4 damage)
             ... on level 4 of the Dungeon.
             The game lasted 00:05:07 (3601 turns).

Gabide the Skirmisher (Human Monk)                  Turns: 3601, Time: 00:05:08

Health: 0/48       AC:  6    Str: 13    XL:     6   Next: 15%
Magic:  6/6        EV: 10    Int: 11    God:
Gold:   114        SH:  0    Dex: 15    Spells: 5/5 levels left

rFire   . . .      SeeInvis .   b - +2 lajatang (venom)
rCold   . . .      Faith    .   (shield currently unavailable)
rNeg    . . .      Spirit   .   p - +0 scale mail
rPois   .          Reflect  .   (no helmet)
rElec   .          Harm     .   (no cloak)
rCorr   .          Rampage  .   (no gloves)
Will    .....                   (no boots)
Stlth   +.........              (no amulet)
HPRegen 0.16/turn               (no ring)
MPRegen 0.10/turn               (no ring)

@: studying Armour
A: no striking features
a: no special abilities


You were on level 4 of the Dungeon.
You visited 1 branch of the dungeon, and saw 4 of its levels.

You collected 114 gold pieces.

Inventory:

Hand Weapons
 b - a +2 lajatang of venom (weapon)
Armour
 p - a +0 scale mail (worn)
Scrolls
 d - a scroll of vulnerability
 e - a scroll of immolation {unknown}
 f - a scroll of identify
 g - a scroll of fear {unknown}
 j - a scroll of enchant weapon {unknown}
 m - a scroll of teleportation {unknown}
 n - a scroll of blinking {unknown}
Potions
 a - a potion of brilliance
 c - a potion of curing
 h - a potion of berserk rage {unknown}
 k - a potion of magic {unknown}
 o - 2 potions of lignification {unknown}


   Skills:
 + Level 4.2 Fighting
 - Level 3.9(4.1) Maces & Flails
 * Level 1.6(3.0) Staves
 + Level 2.3 Armour
 + Level 4.1 Dodging
 - Level 2.0 Stealth


You had 5 spell levels left.
You didn't know any spells.
Your spell library contained the following spells:

 Spells                   Type           Power      Damage    Failure   Level
 Dazzling Flash           Conj/Hex       0%         N/A       99%         3
 Agony                    Necr           0%         N/A       100%        5
 Silence                  Hex/Air        0%         N/A       100%        5


Dungeon Overview and Level Annotations

Branches:
Dungeon (4/15)
 Temple: D:4-7

Altars:


Message History

You closely miss the orc.
You feel sick. The orc barely misses you.
Something hits you but does no damage. The orc closely misses you.
You slash the orc!
You kill the orc!
You feel sick. Something hits you but does no damage.
You closely miss something.
You feel sick.
You are no longer poisoned.
Something hits you but does no damage. Something hits you.
You miss something.
You hear some strange, mumbled words.
Something tries to affect you, but you resist.
You barely miss something. Something hits you but does no damage.
You closely miss something. Something hits you but does no damage.
You barely miss something.
You hear some strange, mumbled words.
A magic dart appears from out of thin air!
The magic dart hits you.
* * * LOW HITPOINT WARNING * * *
Something hits you but does no damage.
You closely miss something.
You hear some strange, mumbled words.
Something tries to affect you, but you resist.
You closely miss something. Something hits you but does no damage.
You barely miss something.
You hear some strange, mumbled words.
A magic dart appears from out of thin air!
The magic dart hits you!
* * * LOW HITPOINT WARNING * * *
You miss something.
You hear some strange, mumbled words.
Something tries to affect you, but you resist.
Something completely misses you.
You closely miss something. Something completely misses you.
You slash something! Something hits you but does no damage.
You completely miss something. Something hits you but does no damage.
You barely miss something. Something hits you but does no damage.
Something hits you.
* * * LOW HITPOINT WARNING * * *
You miss something. Something hits you.
You die...

###...#####.#####
......# #.# ###...#
#.#### .....#
#....# ####+#
####.# ##...# #.#
##.....## #.#
#.....).## ##.##
......{@.####...###
......)..'........#
.........##.#...#.#
#.......###.##.#..#
##.....## #.##..#.#
##...# #.##.###.#
##+# #.###. ## #..
. ### #.


There were no monsters in sight!

Vanquished Creatures
  Jessica (D:2)
  An orc wizard (D:3)
  3 adders
  4 gnolls
  2 dart slugs
  11 orcs
  6 ball pythons
  9 endoplasms
  A giant cockroach (D:1)
  3 goblins
  10 hobgoblins
  8 kobolds
  2 quokkas
  8 bats
  3 frilled lizards (D:1)
  10 rats
82 creatures vanquished.

Notes
Turn   | Place    | Note
-------+----------+-------------------------------------------
     0 | D:1      | Gabide the Human Monk began the quest for the Orb.
     0 | D:1      | Reached XP level 1. HP: 18/18 MP: 1/1
   211 | D:1      | Reached XP level 2. HP: 24/24 MP: 2/2
   734 | D:1      | Reached XP level 3. HP: 27/29 MP: 3/3
  1413 | D:2      | Noticed Jessica
  1423 | D:2      | Killed Jessica
  1424 | D:2      | Reached XP level 4. HP: 15/37 MP: 4/4
  1847 | D:2      | Reached XP level 5. HP: 17/42 MP: 5/5
  2205 | D:2      | Identified 2 scrolls of acquirement
  2205 | D:2      | Acquired a +2 lajatang of venom
  2207 | D:2      | Acquired a manual of Armour
  2429 | D:3      | Reached skill level 1 in Armour
  2576 | D:3      | Reached skill level 1 in Staves
  2890 | D:3      | Reached XP level 6. HP: 11/48 MP: 6/6
  3601 | D:4      | Slain by an orc wizard

Illustrated notes

Levels and vault maps discovered:
D:1:      saegor_arrival_simple_d, layout_basic, nicolae_grassy_gnolls
D:2:      layout_loops_ring, minmay_split_cup_large, uniq_jessica
D:3:      layout_loops_ring
D:4:      layout_loops_corners, uniq_eustachio

Skill      XL: |  1  2  3  4  5 |
---------------+----------------+-----
Fighting       | 4 |  4.2
Armour         | 2 |  2.3
Dodging        | 4 |  4.1
Staves         | 1 |  1.6
Maces & Flails | |  3.9
Stealth        | |  2.0

Action                   |  1- 3 |  4- 6 || total
-------------------------+-------+-------++-------
Melee: Mace              |    77 |       ||    77
       Flail             |    20 |    49 ||    69
       Lajatang          |       |   103 ||   103
  Use: Scroll            |       |     5 ||     5
 Stab: Sleeping          |     1 |     4 ||     5
Armor: Robe              |    22 |    12 ||    34
       Leather armour    |       |    10 ||    10
       Scale mail        |       |    31 ||    31
Dodge: Dodged            |    93 |    86 ||   179
